Map: Odyssey LE

Players

CryingLoser

  • Race: Zerg Zerg
  • League: Diamond
  • Spawn Location: 11:00

A.I. 1 (Very Easy) - Winner!

  • Race: Protoss Protoss
  • Spawn Location: 5:00

VOD

Have the link to the VOD?

Description

Time

  • Played on: July 31, 2017, 5:48 p.m.
  • Length: 5:33
Show
View Real Time Build Order
Export as new Build Order

CryingLoser Zerg 

Build Orders: Hatch First 

Get SALT Encoding   

  12  0:01  Drone  
  13  0:12  Overlord  
  13  0:16  Drone  
  14  0:31  Drone x2  
  16  0:51  Hatchery  
  16  0:53  Drone  
  16  0:57  Drone  
  16  1:00  Drone  
  18  1:08  Extractor  
  17  1:18  Spawning Pool  
  16  1:21  Drone  
  16  1:25  Drone  
  18  1:28  Drone  
  19  1:39  Overlord  
  19  2:05  Queen x2  
  19  2:06  Zergling x4  
  25  2:09  Zergling x2  
  26  2:15  Metabolic Boost  
  26  2:19  Drone  
  27  2:23  Drone  
  27  2:26  Drone  
  27  2:29  Drone  
  30  2:50  Hatchery  
  29  2:52  Drone  
  29  2:56  Overlord  
  30  3:03  Drone x2  
  30  3:05  Drone  
  33  3:08  Drone  
  33  3:10  Drone  
  35  3:13  Drone  
  35  3:18  Overlord  
  36  3:23  Zergling x2  
  36  3:24  Zergling x2  
  36  3:26  Zergling x2  
  39  3:28  Zergling x2  
  39  3:30  Zergling x2  
  41  3:38  Roach Warren  
  41  3:41  Overlord  
  40  3:44  Overlord  
  40  3:49  Drone x2  
  40  3:51  Drone  
  40  3:53  Drone  
  44  3:58  Spore Crawler  
  43  4:03  Spore Crawler  
  43  4:09  Drone x2  
  44  4:10  Drone  
  44  4:11  Spore Crawler  
  44  4:13  Drone  
  44  4:15  Drone  
  47  4:17  Drone  
  47  4:21  Drone x2  
  47  4:23  Drone  
  50  4:25  Drone  
  50  4:27  Drone  
  50  4:28  Drone  
  53  4:36  Extractor  
  53  4:37  Extractor  
  51  4:38  Evolution Chamber  
  51  4:41  Drone  
  51  4:42  Drone  
  51  4:44  Drone  
  53  4:46  Drone  
  53  4:47  Drone  
  53  4:49  Drone  
  56  4:56  Roach x3  
  56  4:59  Roach  
  64  5:01  Roach  
  64  5:03  Roach  
  64  5:05  Roach  
Show
View Real Time Build Order
Export as new Build Order

A.I. 1 (Very Easy) Protoss - Winner!

Build Orders:  

Get SALT Encoding   

  12  0:01  Probe (Chrono Boost)  
  13  0:11  Probe (Chrono Boost)  
  14  0:20  Pylon  
  14  0:36  Assimilator  
  14  0:43  Gateway  
  14  0:47  Pylon  
  14  1:13  Assimilator  
  14  1:27  Zealot  
  14  1:28  Probe (Chrono Boost)  
  14  1:31  Cybernetics Core  
  18  1:40  Probe (Chrono Boost)  
  18  1:50  Probe (Chrono Boost)  
  19  1:57  Warp Gate  
  20  2:01  Probe (Chrono Boost)  
  20  2:12  Probe (Chrono Boost)  
  21  2:24  Probe (Chrono Boost)  
  22  2:41  Stalker  
  24  4:23  Probe (Chrono Boost)  
Tags
 
League
Diamond
Matchup
PvZ
Spawn Locations
Cross Positions
Add a new tag
Caveats
  • Supply blocks, unpowered buildings, or Contaminate may cause inaccurate times.
  • Supply counts are checked every 10 seconds.